 Dungeon Crawl Stone Soup version 0.29-a0-222-g5b244fca1f (webtiles) character file.

Game seed: 14704669565720098910

57 domi the Magician (level 3, -4/24 HPs)
             Began as a Demonspawn Hedge Wizard on Feb 27, 2022.
             Slain by an adder (5 damage)
             ... on level 2 of the Dungeon.
             The game lasted 00:03:45 (2170 turns).

domi the Magician (Demonspawn Hedge Wizard)         Turns: 2170, Time: 00:03:45

Health: -4/24      AC:  2    Str:  8 (10) XL:     3   Next: 73%
Magic:  8/8        EV: 12    Int: 14 (17) God:
Gold:   98         SH:  0    Dex:  9 (12) Spells: 8/9 levels left

rFire   . . .      SeeInvis .   h - +1 whip (elec)
rCold   . . .      Faith    .   (no shield)
rNeg    . . .      Spirit   .   b - +0 robe
rPois   .          Reflect  .   c - +0 hat
rElec   .          Harm     .   (no cloak)
rCorr   .          Rampage  .   (no gloves)
Will    .....                   (no boots)
Stlth   ++........              (no amulet)
HPRegen 0.08/turn               (no ring)
MPRegen 0.11/turn               (no ring)

@: lethally poisoned (-4 -> -14)
A: powered by pain 2
a: no special abilities


You were on level 2 of the Dungeon.
You visited 1 branch of the dungeon, and saw 2 of its levels.

You collected 98 gold pieces.

Inventory:

Hand Weapons
 a - a +0 dagger
 h - a +1 whip of electrocution (weapon)
   (You took it off a kobold on level 1 of the Dungeon)
Armour
 b - a +0 robe (worn)
 c - a +0 hat (worn)
Jewellery
 l - a ring of magical power {MP+9}
   (You found it on level 1 of the Dungeon)
 m - a +6 ring of dexterity
   (You found it on level 2 of the Dungeon)
Scrolls
 i - 2 scrolls of noise {unknown}
Potions
 d - a potion of haste {unknown}
 e - a potion of might
 f - a potion of ambrosia {unknown}
 g - a potion of curing {unknown}
 j - a potion of degeneration {!q}
 k - 2 potions of attraction {unknown}
 n - a potion of mutation {unknown}
 o - a potion of brilliance {unknown}


   Skills:
 - Level 1.7 Dodging
 - Level 1.7 Stealth
 + Level 3.5 Spellcasting
 * Level 3.0 Conjurations
 - Level 1.0 Summonings
 - Level 0.8 Translocations


You had 8 spell levels left.
You knew the following spells:

 Your Spells              Type           Power      Damage    Failure   Level
z - Magic Dart            Conj           44%        1d5       6%          1

Your spell library contained the following spells:

 Spells                   Type           Power      Damage    Failure   Level
 Slow                     Hex            8%         N/A       21%         1
 Call Imp                 Summ           5%         N/A       21%         2
 Blink                    Tloc           8%         N/A       22%         2
 Conjure Flame            Conj/Fire      6%         6-21      32%         3
 Mephitic Cloud           Conj/Pois/Air  5%         N/A       38%         3
 Inner Flame              Hex/Fire       2%         N/A       52%         3
 Cause Fear               Hex            1%         N/A       90%         4
 Manifold Assault         Tloc           4%         N/A       99%         5
 Storm Form               Tmut/Air       1%         N/A       100%        7
 Discord                  Hex            1%         N/A       100%        8


Dungeon Overview and Level Annotations

Branches:
Dungeon (2/15)

Altars:
Kikubaaqudgha


Innate Abilities, Weirdness & Mutations

You sometimes gain power by taking damage.


Message History

You see here a hobgoblin corpse.
You open the door.
Found an escape hatch in the floor.
Health restored: 24 You open the door.
There is an open door here.
You open the door.
There is an open door here.
k - 2 purple potions (gained 1)
You open the door.
There is an open door here.
You open the door.
There is an open door here.
o - a black potion
Found an escape hatch in the ceiling.
There is an escape hatch in the ceiling here.
You now have 84 gold pieces (gained 15).
Found a stone staircase leading down.
You now have 89 gold pieces (gained 5).
A kobold comes into view. It is wielding a +0 dagger.
A kobold is nearby!
A kobold is nearby!
A kobold is nearby!
A kobold is nearby!
The kobold shouts!
The kobold hits you with a +0 dagger.
You take 2 damage, and have 22/24 hp.
You hit the kobold but do no damage. The kobold barely misses you.
You barely miss the kobold. The kobold hits you but does no damage.
You barely miss the kobold. The kobold misses you.
You hit the kobold.
You kill the kobold!
No target in view!
No target in view!
You see here a +0 dagger.
You now have 98 gold pieces (gained 9).
You see here a +0 hand axe.
A bat comes into view.
Health restored: 24 A bat is nearby!
A bat is nearby!
A bat is nearby!
A bat is nearby!
The helpless bat fails to defend itself.
You hit the bat.
You kill the bat!
No target in view!
No target in view!
Found a stone staircase leading up.
A ball python comes into view.
There is a stone staircase leading up here.
A ball python is nearby!
The ball python barely misses you. x2
You hit the ball python.
Lightning courses through the ball python!
You kill the ball python!
No target in view!
No target in view!
You see here a ball python corpse.
Found a stone staircase leading down.
An endoplasm comes into view.
An endoplasm is nearby!
An adder comes into view.
The endoplasm quivers.
The endoplasm freezes you.
You are frozen.
You take 3 damage, and have 21/24 hp.
You hit the endoplasm.
Lightning courses through the endoplasm!
You kill the endoplasm!
An adder is nearby!
An adder is nearby!
The adder hisses angrily.
The adder bites you. x2
You take 7 damage, and have 14/24 hp.
MASSIVE DAMAGE!!
You are too injured to fight recklessly!
You are too injured to fight recklessly!
You are too injured to fight recklessly!
You are too injured to fight recklessly!
You are too injured to fight recklessly!
You are too injured to fight recklessly!
You barely miss the adder. The adder bites you.
You take 2 damage, and have 12/24 hp.
You closely miss the adder. The adder misses you.
You closely miss the adder. The adder completely misses you.
The adder bites you.
You take 4 damage, and have 8/24 hp.
You closely miss the adder. The adder bites you.
* * * LOW HITPOINT WARNING * * *
You are poisoned.
The adder poisons you!
You take 1 damage, and have 7/24 hp.
You closely miss the adder.
* * * LOW HITPOINT WARNING * * *
You feel sick. The adder bites you.
* * * LOW HITPOINT WARNING * * *
You are more poisoned.
The adder poisons you! The adder bites you.
You die...

#.# .# ##.
#.######.####
#.
#†#.#.#.#.#..$
....
#...........#
#####
#.#.#.#.#.#.#
#
#...........#
#
#.#.#.#.#.###
# ##.........#
# ##$#@#.#.##
#...S>.....#
##.#.#.#.#..
#######...#
###


You could see an adder.

Vanquished Creatures
  A gnoll (D:1)
  An adder (D:2)
  2 dart slugs (D:1)
  6 endoplasms
  2 giant cockroaches (D:1)
  6 goblins (D:1)
  2 hobgoblins
  2 kobolds
  A quokka (D:2)
  3 ball pythons (D:2)
  4 bats
  A frilled lizard (D:1)
  A rat (D:1)
32 creatures vanquished.

Notes
Turn   | Place    | Note
-------+----------+-------------------------------------------
     0 | D:1      | domi the Demonspawn Hedge Wizard began the quest for the
                  | Orb.
     0 | D:1      | Reached XP level 1. HP: 13/13 MP: 4/4
   317 | D:1      | Gained mutation: You sometimes gain a little power by
                  | taking damage. [demonic ancestry]
   317 | D:1      | Reached XP level 2. HP: 19/19 MP: 4/6
   526 | D:1      | Reached skill level 2 in Conjurations
   940 | D:1      | Gained mutation: You sometimes gain power by taking damage.
                  | [demonic ancestry]
   940 | D:1      | Reached XP level 3. HP: 17/24 MP: 7/7
  1300 | D:2      | Found an ancient bone altar of Kikubaaqudgha.
  1353 | D:2      | HP: 5/24 [quokka (4)]
  1774 | D:2      | Reached skill level 3 in Conjurations
  2170 | D:2      | HP: 5/24 [poisoned by an adder]
  2170 | D:2      | HP: 1/24 [adder (4)]
  2170 | D:2      | Slain by an adder

Illustrated notes

Levels and vault maps discovered:
D:1:      dpeg_arrival_simpleton_b, layout_loops_ring
D:2:      layout_loops_ring, basic_altar, eino_tiny_chamber, serial_park_tiny_1,
          minivault_11, st_stairs_9

Skill      XL: |  1  2  3 |
---------------+----------+-----
Conjurations   | 2 3 |  3.0
Dodging        | |  1.7
Stealth        | |  1.7
Spellcasting   | |  3.5
Summonings     | |  1.0
Translocations | |  0.8

Action                   || total
-------------------------++-------
Melee: Whip              ||    76
       Dagger            ||    11
 Cast: Magic Dart        ||    25
  Use: Potion            ||     2
 Stab: Sleeping          ||     3
Armor: Robe              ||    19
Dodge: Dodged            ||    60

Table legend: (Time is in decaauts)
 A = Elapsed time spent in this place.
 B = Non-inter-level travel time spent in this place.
 C = Inter-level travel time spent in this place.
 D = Time resting spent in this place.
 E = Time spent auto-exploring this place.
 F = Levels seen in this place.
 G = Mean time per level.
                   A        B        C        D        E       F      G
               +--------+--------+--------+--------+--------+-----+--------+
         Total |   2176 |   2166 |     10 |    556 |   1348 |   2 | 1088.0 |
       Dungeon |   2176 |   2166 |     10 |    556 |   1348 |   2 | 1088.0 |
               +--------+--------+--------+--------+--------+-----+--------+

Top non-repeatable levels by time:
     D:1: 1297 daAuts
     D:2: 879 daAuts

Table legend:
 A = Kills in this place as a percentage of kills in entire the game.
 B = Kills by you in this place as a percentage of kills by you in the entire game.
 C = Kills by friends in this place as a percentage of kills by friends in the entire game.
 D = Other kills in this place as a percentage of other kills in the entire game.
 E = Experience gained in this place as a percentage of experience gained in the entire game.
 F = Experience gained in this place divided by the number of levels of this place that you have seen.
                   A       B       C       D       E      F
               +-------+-------+-------+-------+-------+----------------------
         Total | 100.0 | 100.0 |   N/A |   N/A | 100.0 |  41.0
       Dungeon | 100.0 | 100.0 |   N/A |   N/A | 100.0 |  41.0
               +-------+-------+-------+-------+-------+----------------------
